cohdb
Replays
Latest Replays
All Replays
Popular Replays
Top Player Replays
Match Explorer
How It Works
Community
CoH3 Stats
Reddit
Sign in to upload your games and track your stats! →
Sign in with Steam
Match 45131876
Unlisted
Match 45131876
Overview
Messages
Build Orders
End
Scout Squad
Construct Barracks
Riflemen Squad
Riflemen Squad
Riflemen Squad
Infantry Support Center
Construct Medical Station
Construct Motor Pool
M8 Greyhound Armored Car
Construct Medical Station
Engineer Squad
M1918 Browning Automatic Rifles
Grenade Package
M8 Greyhound Armored Car
Riflemen Squad
Engineer Squad
Riflemen Squad
M24 Chaffee Light Tank
Riflemen Squad
Selects Heavy Weapons
Selects Assault Carriers
Selects Exchangeable Parts
M8 Greyhound Armored Car
M1 Anti-tank Gun Team
Selects M26 Pershing Heavy Tank
M26 Pershing Heavy Tank
Demolitions Package
Selects M2HB .50cal Heavy Machine Gun
Selects Gallant Stand
Riflemen Squad
Construct Tank Depot
Survival Training
Advanced Logistics
3nder
Treadz
0
0
Comments
sign in to comment!
No comments posted yet!